[Event "7th Sharjah Challengers 2024"]
[Site "Sharjah"]
[Date "2024.05.19"]
[Round "6.1"]
[White "Garifullina, Leya"]
[Black "Lashkin, Jegor"]
[Result "1/2-1/2"]
[ECO "B52"]
[WhiteElo "2431"]
[BlackElo "2449"]
[Annotator "RC"]
[PlyCount "101"]
[EventDate "2024.05.13"]
[EventType "swiss"]
[EventCountry "UAE"]
[SourceTitle "playchess.com"]
[Source "ChessBase"]
[SourceQuality "1"]
[TimeControl "5400+30"]

1. e4 c5 2. Nf3 d6 3. Bb5+ Bd7 4. Bxd7+ Qxd7 5. c4 e5 6. Nc3 Nc6 7. O-O Be7 8. a3 Bd8 9. Rb1 Nge7 10. b4 O-O 11. d3 f5 12. exf5 Nxf5 13. Qe2 Bf6 14. Qe4 b6 15. Qg4 Rad8 16. Nd2 Nfe7 17. Qxd7 Rxd7 18. Nde4 cxb4 19. axb4 d5 20. Nxf6+ gxf6 21. Ba3 dxc4 22. dxc4 Rd3 23. Rfc1 Nd4 24. Kf1 Rc8 25. c5 Kf7 26. b5 bxc5 27. b6 axb6 28. Rxb6 Rc7 29. Bb2 f5 30. Nb5 Rc6 31. Rb7 Nb3 32. Rc2 Rd2 33. Rxd2 Nxd2+ 34. Ke2 Nc4 35. Bc3 e4 36. Na7 Re6 37. Rc7 Nb6 38. Rxc5 Na4 39. Rc4 Nxc3+ 40. Rxc3 Ra6 41. Rc7 Ra2+ 42. Kf1 Kf6 43. g3 e3 44. fxe3 Rxh2 45. Rc5 Rd2 46. Nc6 Nd5 47. Ke1 Rd3 48. Ke2 Rxe3+ 49. Kf2 Re6 50. Rxd5 Rxc6 51. Rd8 1/2-1/2

[Event "7th Sharjah Challengers 2024"]
[Site "Sharjah"]
[Date "2024.05.19"]
[Round "6.2"]
[White "Delgado Ramirez, Neuris"]
[Black "Divya Deshmukh"]
[Result "1/2-1/2"]
[ECO "A13"]
[WhiteElo "2489"]
[BlackElo "2443"]
[Annotator "TA"]
[PlyCount "40"]
[EventDate "2024.05.13"]
[EventType "swiss"]
[EventCountry "UAE"]
[SourceTitle "playchess.com"]
[Source "ChessBase"]
[SourceQuality "1"]
[TimeControl "5400+30"]

1. b3 Nf6 2. Bb2 d5 3. e3 e6 4. c4 Be7 5. Nf3 O-O 6. Be2 c5 7. O-O Nc6 8. cxd5 Nxd5 9. Nc3 Bf6 10. Qc2 b6 11. Rad1 Nxc3 12. dxc3 Qe7 13. Nd2 Bb7 14. Ne4 Rfd8 15. Nxf6+ Qxf6 16. Bd3 Rxd3 {[%emt 0:09:40] The position is equal.} 17. Qxd3 Ne5 {[%emt 0:00:05][%cal Bc6e5,Be5f3,Bf3e1][%mdl 32] Inhibits Qd7.} 18. Qe2 {[%emt 0:00:07] [#] c4 is the strong threat.} Nf3+ $1 19. Kh1 $1 {[%emt 0:00:07][%cal Oe3e4] And now e4! would win.} (19. gxf3 $2 {too greedy.} Bxf3 $19) 19... Be4 $1 {[%emt 0:01:22][%cal Of6h4] Strongly threatening ...Qh4!} 20. Rfe1 Nxe1 {[%emt 0:14:09] A rather calm draw.   Weighted Error Value: White=0.04 (flawless) /Black=0.04 (flawless) .  Inaccurate:     	White=1     	---        OK:         	White=4     	Black=5      Strong:       	White=1     	Black=1      Brilliant:      	---       	Black=1} 1/2-1/2

[Event "7th Sharjah Challengers 2024"]
[Site "Sharjah"]
[Date "2024.05.19"]
[Round "6.3"]
[White "Nitish Belurkar"]
[Black "Hesham, Abdelrahman"]
[Result "1-0"]
[ECO "B90"]
[WhiteElo "2451"]
[BlackElo "2394"]
[Annotator "TA"]
[PlyCount "93"]
[EventDate "2024.05.13"]
[EventType "swiss"]
[EventCountry "UAE"]
[SourceTitle "playchess.com"]
[Source "ChessBase"]
[SourceQuality "1"]
[TimeControl "5400+30"]

1. e4 c5 2. Nf3 d6 3. d4 cxd4 4. Nxd4 Nf6 5. Nc3 a6 6. h3 e5 7. Nf3 h6 8. Bc4 Be6 9. Bb3 {[%emt 0:02:03] The position is equal.} Be7 10. Be3 Nbd7 11. Nh4 Qc7 12. Qf3 b5 13. Nf5 Bf8 14. O-O b4 (14... g6 $11) 15. Nd5 $16 Nxd5 16. exd5 (16. Bxd5 Bxd5 17. exd5 g6 $11) 16... Bxf5 17. Qxf5 g6 18. Qg4 a5 19. a3 {[%emt 0:08:53] White is much more active.} bxa3 20. Rxa3 Bg7 {[%emt 0:00:08] Black is weak on the light squares} 21. Ba4 {[%emt 0:10:21] aiming for Bc6.} h5 22. Qh4 Rb8 (22... O-O {keeps fighting.}) 23. Bd2 (23. Rc3 $18 {and the rest is easy.} Qd8 24. Qxd8+ Kxd8 25. Rc6) 23... O-O 24. Bc6 Bf6 25. Qc4 (25. Bxa5 Qxa5 (25... Bxh4 $2 26. Bxc7 Rxb2 27. Bxd7 $18) 26. Rxa5 (26. Qxf6 $2 Qxa3 27. Bxd7 Qa7 $19) 26... Bxh4 $17) 25... Rxb2 26. Bxa5 {[%emt 0:00:06] A strong pair of Bishops.} Qc8 (26... Qa7 $1 $11) 27. Bb4 ({Better is} 27. Rb3 $16 Rxb3 28. cxb3) 27... Qc7 $1 $14 28. Ba5 (28. Raa1 $14) 28... Qc8 $16 29. Rb3 $36 {[%emt 0:10:07][%mdl 2048] White is in control.} e4 $2 {[%emt 0:03:19] [#] This move loses the game for Black.} 30. Rxb2 $18 ({Inferior is} 30. Qxe4 Nc5 31. Qf3 Nxb3 (31... Rxc2 32. Qxf6 Nxb3 33. Bc3 $11) 32. Qxf6 Nxa5 $11) 30... Bxb2 31. Qb5 ({Not} 31. Qxe4 Be5 $16) 31... Be5 32. Bxd7 Qxc2 33. Bc6 f5 34. Qb1 Qc4 35. Rc1 Qa6 36. Bc3 Bxc3 37. Rxc3 Rf7 (37... Qa7 $142 38. Qc1 Qg7) 38. Rb3 h4 39. Rb8+ Kh7 40. Qb2 {[%emt 0:04:38][%csl Gb2][%cal Rb8h8] [#]} Kh6 41. Rh8+ Kg5 42. Qc1+ f4 43. Qd1 f3 44. Qc1+ {[%emt 0:00:07] White mates.} Kf5 45. Rxh4 g5 46. Rg4 Rg7 47. gxf3 {[%emt 0:00:08] Weighted Error Value: White=0.25 (precise) /Black=0.37.  Loses game:     	---       	Black=1      Mistake:       	White=3     	Black=4      Inaccurate:     	White=1     	Black=7      OK:         	White=9     	Black=12     Best:        	White=5     	Black=2      Strong:       	---       	Black=1} 1-0

[Event "7th Sharjah Challengers 2024"]
[Site "Sharjah"]
[Date "2024.05.19"]
[Round "6.4"]
[White "Viani Antonio Dcunha"]
[Black "Suyarov, Mukhammadzokhid"]
[Result "1-0"]
[ECO "C43"]
[WhiteElo "2394"]
[BlackElo "2431"]
[Annotator "TA"]
[PlyCount "109"]
[EventDate "2024.05.13"]
[EventType "swiss"]
[EventCountry "UAE"]
[SourceTitle "playchess.com"]
[Source "ChessBase"]
[SourceQuality "1"]
[TimeControl "5400+30"]

1. e4 e5 2. Nf3 Nf6 3. d4 Nxe4 4. Bd3 d5 5. Nxe5 Nd7 6. Nc3 Nxe5 7. dxe5 Nxc3 8. bxc3 Be7 9. O-O O-O 10. Qh5 g6 11. Qf3 Re8 {[%emt 0:07:34] The position is equal.} 12. Qg3 c5 13. c4 Be6 14. cxd5 Qxd5 15. Re1 Red8 16. Bf4 Qc6 17. h4 Rd4 18. c3 Rxd3 19. Qxd3 Bxh4 20. Qe3 Be7 21. Bg5 Bf8 22. Bf6 b5 23. Re2 a5 $2 {[%emt 0:01:03][%mdl 8192] Black cannot hold the game after this.} (23... c4 $16) 24. Rd2 b4 25. Rad1 b3 $2 (25... c4 26. Rd8 Rxd8 27. Rxd8 Qc7) 26. Rd8 $18 {[%emt 0:03:13][%cal Od8f8] aiming for Rxf8+!} bxa2 {[%emt 0:07:59] [#] Threatens to win with ...Rxd8. Black is weak on the dark squares} 27. Qh6 $1 Qe8 28. Rxe8 Rxe8 29. Qc1 Rb8 30. Qa1 a4 31. Kh2 a3 {[%emt 0:00:35] [#]} 32. c4 $1 Bxc4 {[%emt 0:00:19] [#]} 33. e6 $1 Bxe6 34. Rd8 Rxd8 ({Not} 34... Rb1 35. Qe5 (35. Rxf8+ Kxf8 36. Qe5 Kg8 37. Qc7 Rh1+ 38. Kg3 Rh3+ 39. gxh3 h5 40. Qd8+ Kh7 41. Qh8#) (35. Rxf8+ Kxf8 36. Qe5 Kg8 37. Qc7 Rh1+ 38. Kg3 Rh3+ 39. gxh3 h5 40. Qd8+ Kh7 41. Qh8#)) 35. Bxd8 f5 36. Bf6 Kf7 37. Be5 Bb3 38. Qc3 c4 39. Qe3 Ke6 40. Bg7+ Kf7 41. Ba1 Bd6+ 42. g3 f4 43. Qa7+ Be7 44. gxf4 h5 45. Qd4 Ke8 46. Qe4 (46. Qd5 $142 Kf8 47. f5 gxf5 48. Qxf5+ Ke8 49. Qxh5+ Kf8 50. Qf5+ Ke8 51. Qe6) 46... Kd7 47. Qxg6 {[%emt 0:00:11] White wants to mate with Qf5+.} Bd6 48. Kh3 c3 49. Qg7+ Be7 50. Qxc3 Be6+ 51. Kh2 h4 52. Qd3+ {[%emt 0:00:17] White mates.} Kc6 53. Qe4+ Kd7 54. f5 Bf7 55. f4 {[%emt 0:00:40] Weighted Error Value: White=0.13 (very precise) /Black=0.58.  Loses game:     	---       	Black=1      Mistake:       	---       	Black=1      Inaccurate:     	White=1     	Black=4      OK:         	White=7     	Black=10     Best:        	White=1     	Black=2} 1-0

[Event "7th Sharjah Challengers 2024"]
[Site "Sharjah"]
[Date "2024.05.19"]
[Round "6.5"]
[White "Laddha, Shubh Jayesh"]
[Black "Burmakin, Vladimir"]
[Result "0-1"]
[ECO "B01"]
[WhiteElo "2325"]
[BlackElo "2483"]
[Annotator "TA"]
[PlyCount "102"]
[EventDate "2024.05.13"]
[EventType "swiss"]
[EventCountry "UAE"]
[SourceTitle "playchess.com"]
[Source "ChessBase"]
[SourceQuality "1"]
[TimeControl "5400+30"]

1. e4 d5 2. exd5 Qxd5 3. Nc3 Qd6 4. d4 Nf6 5. Nf3 c6 6. g3 {[%emt 0:00:18] B01: Scandinavian Defence.} Bf5 7. Bf4 Qd8 8. Bd3 Bxd3 9. Qxd3 e6 10. O-O-O Bd6 $146 ({Predecessor:} 10... Be7 11. Bxb8 Rxb8 12. Ne5 O-O 13. f4 Qa5 14. Kb1 Rbd8 15. Qf3 Qb6 16. Ne2 c5 {1-0 Kovacevic,A (2564)-Milanovic,D (2491) SRB-chT Kragujevac 2013 (6.6)}) 11. Be5 Be7 12. Kb1 Nbd7 13. Qe2 Qa5 14. Nd2 O-O 15. g4 Nd5 16. Nxd5 cxd5 17. f4 Rac8 18. Nb3 Qa4 (18... Qb6 $15 {is superior.} 19. f5 a5) 19. f5 $11 Rc6 20. Rhf1 Qc4 21. Qg2 Qb5 22. fxe6 Rxe6 23. Bg3 (23. Rde1 $1 $11) 23... Nf6 $1 $15 24. Bh4 Ne4 25. Bxe7 Rxe7 26. Qf3 Rc8 27. Qd3 Qxd3 28. Rxd3 Nd6 29. c3 {[%emt 0:00:00] [#]} (29. Nc1 $15) 29... f6 ({Black should play} 29... Re2 $1 $17 {[%cal Od6c4] ...Nc4! would now be deadly.} 30. Rd2 Rce8 31. Rxe2 Rxe2) 30. Rdf3 Rce8 31. h4 ({Better is} 31. Nc1) 31... Re1+ 32. Rxe1 (32. Nc1 $17) 32... Rxe1+ $19 33. Kc2 Re2+ 34. Kc1 Rg2 (34... Nc4 35. Nc5) 35. Rf4 Nc4 36. g5 (36. Nc5 {was the only chance.}) 36... fxg5 $19 (36... Nxb2 37. Rf5 Nc4 38. Kb1) 37. hxg5 b6 ({But not} 37... Rxg5 38. Rf1 $19) (37... Nxb2 38. Rf5 Nc4 39. Kb1) (37... Rxb2 38. Na5 Rb5 39. Nb3 $17) 38. g6 (38. Rf3 {keeps fighting.}) 38... Rxg6 39. Rf2 h5 40. Kd1 h4 41. Rh2 Rg1+ 42. Ke2 g5 43. Kf2 Rb1 44. Kf3 Kf7 45. Kg4 Kg6 ({Not} 45... Nxb2 46. Kxg5 Nd1 47. Rxh4 $17) 46. Re2 Rg1+ 47. Kh3 Rg3+ 48. Kh2 Re3 49. Rf2 g4 50. Rf8 Re2+ 51. Kg1 g3 (51... Ne3 $142 52. Re8 g3 53. Rxe3 Rxe3 54. Na1 h3 (54... Re1+ {is a self mate.} 55. Kg2 Re2+ 56. Kf3 Rf2+ 57. Ke3 h3 58. Kd3 h2 59. c4 h1=Q 60. cxd5 Qf3+ 61. Kc4 Qe2+ 62. Kb4 a5+ 63. Ka4 Qc4+ 64. Ka3 Qb4#) 55. Kf1 h2 56. Kg2 Re1 (56... Re2+ 57. Kf3 g2 58. Kxe2 h1=Q 59. Nb3 Qf1+ 60. Kd2 g1=Q 61. c4 Qh2+ 62. Ke3 Qh6#) 57. Kxg3 h1=Q (57... h1=R $2 58. Nc2 $19) 58. Nc2 Rg1+ 59. Kf2 Rf1+ 60. Ke2 Qf3+ 61. Kd2 Rd1#) 0-1

[Event "7th Sharjah Challengers 2024"]
[Site "Sharjah"]
[Date "2024.05.19"]
[Round "6.6"]
[White "Ahmad, Al Khatib"]
[Black "Abdulkarimli, Eljan"]
[Result "1/2-1/2"]
[ECO "C01"]
[WhiteElo "2380"]
[BlackElo "2067"]
[Annotator "TA"]
[PlyCount "134"]
[EventDate "2024.05.13"]
[EventType "swiss"]
[EventCountry "UAE"]
[SourceTitle "playchess.com"]
[Source "ChessBase"]
[SourceQuality "1"]
[TimeControl "5400+30"]

1. e4 e6 2. d4 d5 3. exd5 exd5 4. Bf4 Bd6 5. Qd2 Bf5 6. Nc3 Ne7 7. f3 Bxf4 8. Qxf4 Bxc2 9. Rc1 Bf5 10. Nb5 Na6 11. Nxc7+ Nxc7 12. Qxc7 Rc8 13. Bb5+ Bd7 14. Qxd8+ Kxd8 15. Rxc8+ Kxc8 16. Bd3 Kc7 17. Ne2 Kd6 18. Kd2 Rc8 19. g4 h6 20. Rg1 Nc6 21. h4 Nb4 22. Nc3 Nxd3 23. Kxd3 a5 24. Rb1 h5 25. Rg1 hxg4 26. fxg4 Rh8 27. h5 b5 28. Nd1 g6 29. hxg6 fxg6 30. Rg2 b4 31. Ne3 (31. a3 $15 {is superior.}) 31... Rh3 (31... Bb5+ $17 32. Kd2 Rf8) 32. Ke2 (32. a3 $15) 32... Be6 ({Better is} 32... Bb5+ $17 33. Kd2 Rf3) 33. Kf2 Bd7 34. Rg3 Rh2+ 35. Rg2 Rh3 36. a3 b3 37. Rg3 Rh1 38. Rg1 Rh2+ 39. Rg2 Rh3 40. Ke2 Be6 41. Kd2 Ke7 42. g5 Rf3 43. Re2 Kd6 44. Kc3 a4 45. Kb4 Bd7 46. Nd1 $2 (46. Ka5 $1 $11 {and White is okay.}) 46... Rd3 $19 47. Nc3 Rxd4+ 48. Ka5 Rg4 49. Rd2 Bc6 (49... Rxg5 $2 50. Ne4+ (50. Nxa4 $2 d4+ 51. Kb4 Rd5 $19) 50... Kc6 51. Nxg5 $18) 50. Kb6 Ba8 $2 (50... Rxg5 $2 51. Ne4+ Ke5 52. Nxg5 $18) (50... d4 $19 {[%cal Oc6e8] White must now prevent ...Be8!} 51. Nd1 Bd7 (51... Rxg5 $2 52. Rxd4+ Rd5 53. Rg4 $17)) 51. Nb5+ $11 Kd7 (51... Ke5 $11) 52. Rh2 (52. Nc7 $5 Bc6 $8 53. Nxd5 Bxd5 (53... Rxg5 $2 54. Nc3+ Ke7 55. Kxc6 $18) 54. Rxd5+ Ke6 55. Rb5 $11) 52... Rxg5 53. Rh7+ Ke6 54. Nc7+ Ke5 (54... Kd6 $11 55. Nxa8 Rg2) 55. Nxa8 $14 Rg2 56. Kb5 Rxb2 57. Kxa4 g5 58. Nb6 (58. Nc7 $14) 58... g4 (58... Rb1 $1 $11) 59. Rg7 $14 Rg2 60. Kxb3 Rg1 61. a4 (61. Kb2 $14) 61... Rb1+ $11 62. Kc2 Rxb6 63. Rxg4 Rc6+ 64. Kd3 Rc1 65. Rg5+ Kd6 66. a5 Ra1 67. a6 Kc5 ({Inferior is} 67... Rxa6 68. Rg6+ Ke5 69. Rxa6 Kf4 70. Kd4 Kg5 71. Ke5 (71. Kxd5 Kf4 72. Re6 Kf5 73. Re4 Kf6 74. Re5 Kf7 75. Re6 Kf8) 71... Kg4 72. Ra3 (72. Kxd5 Kf5 73. Ra4 Kf6 74. Rf4+ Kg5 75. Ke5 Kg6 76. Rf8 Kg7)) 1/2-1/2

[Event "7th Sharjah Challengers 2024"]
[Site "Sharjah"]
[Date "2024.05.19"]
[Round "6.7"]
[White "Rios Gomez, Cristhian Camilo"]
[Black "Kanyamarala, Tarun"]
[Result "1/2-1/2"]
[ECO "B30"]
[WhiteElo "2472"]
[BlackElo "2302"]
[Annotator "TA"]
[PlyCount "66"]
[EventDate "2024.05.13"]
[EventType "swiss"]
[EventCountry "UAE"]
[SourceTitle "playchess.com"]
[Source "ChessBase"]
[SourceQuality "1"]
[TimeControl "5400+30"]

1. e4 c5 2. Nf3 Nc6 3. Bb5 e6 4. O-O Nge7 5. d4 cxd4 6. Nxd4 Ng6 7. Be2 Be7 8. c4 O-O {[%emt 0:00:49] White has an edge.} 9. Nc3 Nxd4 10. Qxd4 b6 11. Be3 Bb7 12. Rad1 Bc6 13. Qd2 Qb8 14. b3 (14. g3 $14) 14... Qb7 15. f3 Rfd8 16. Bd3 Bb4 17. Bd4 f6 18. Qb2 Nf4 19. e5 f5 20. Bb1 d5 21. a3 (21. exd6 $11 {keeps the balance.} Rxd6 22. Ne2 Nxe2+ 23. Qxe2) 21... Bxc3 $17 22. Bxc3 dxc4 {[%emt 0:00:11] [#] aiming for ...Rxd1.} 23. Rxd8+ Rxd8 24. bxc4 {[%emt 0:00:12] White is weak on the light squares} Qa6 25. Qb4 Qc8 26. Bd2 Nd3 27. Bxd3 Rxd3 28. Be1 Rd1 ({Black should try} 28... Qd8 $17) 29. Bf2 Qd7 30. Qb3 Rd3 31. Qb4 Rd1 32. Qb3 Rd3 33. Qb4 Rd1 {[%emt 0:00:59] Weighted Error Value: White=0.13 (very precise) /Black=0.14 (very precise) .  Mistake:       	White=2     	Black=2      Inaccurate:     	White=3     	Black=2      OK:         	White=7     	Black=9      Best:        	White=1     	Black=3} (33... h6 $15) 1/2-1/2

[Event "7th Sharjah Challengers 2024"]
[Site "Sharjah"]
[Date "2024.05.19"]
[Round "6.8"]
[White "Liyanage, Ranindu Dilshan"]
[Black "Mohammad Fahad, Rahman"]
[Result "1/2-1/2"]
[ECO "C67"]
[WhiteElo "2362"]
[BlackElo "2435"]
[Annotator "TA"]
[PlyCount "22"]
[EventDate "2024.05.13"]
[EventType "swiss"]
[EventCountry "UAE"]
[SourceTitle "playchess.com"]
[Source "ChessBase"]
[SourceQuality "1"]
[TimeControl "5400+30"]

1. e4 e5 2. Nf3 Nc6 3. Bb5 Nf6 4. O-O Nxe4 5. d4 Nd6 6. dxe5 Nxb5 7. a4 Nbd4 8. Nxd4 d5 9. exd6 Nxd4 {[%emt 0:00:08] The position is equal.} 10. Qxd4 Qxd6 11. Qe4+ Qe6 {[%emt 0:00:07] An uneventful encounter.   OK:         	---       	Black=2} 1/2-1/2

[Event "7th Sharjah Challengers 2024"]
[Site "Sharjah"]
[Date "2024.05.19"]
[Round "6.9"]
[White "Harsh Suresh"]
[Black "Borisova, Ekaterina"]
[Result "1-0"]
[ECO "A30"]
[WhiteElo "2417"]
[BlackElo "2185"]
[Annotator "TA"]
[PlyCount "95"]
[EventDate "2024.05.13"]
[EventType "swiss"]
[EventCountry "UAE"]
[SourceTitle "playchess.com"]
[Source "ChessBase"]
[SourceQuality "1"]
[TimeControl "5400+30"]

1. Nf3 Nf6 2. g3 g6 3. b3 Bg7 4. Bb2 b6 5. Bg2 Bb7 6. c4 O-O 7. O-O c5 8. d4 cxd4 9. Qxd4 Nc6 10. Qh4 e6 11. Nc3 Ne8 12. Rfd1 {[%emt 0:04:20] White is slightly better.} Qxh4 13. Nxh4 d6 14. Rac1 Na5 15. Nf3 Rd8 16. Ba3 a6 17. Na4 b5 18. cxb5 axb5 19. Nc3 ({Better is} 19. Nb6 $16) 19... Bc6 (19... Rb8 $11 20. Bb4 (20. Bxd6 $2 {is the wrong capture.} Nxd6 21. Rxd6 Rfc8 $19) 20... Nc6 21. Bxd6 Nxd6 22. Rxd6 Ne7) 20. Ne1 Bxg2 21. Kxg2 Rb8 {[%emt 0:01:04] Threatens to win with ...b4.} 22. Bb4 (22. Bxd6 $2 {too greedy.} Nxd6 23. Rxd6 Rfc8 $19) 22... Nc6 23. Bxd6 Nxd6 24. Rxd6 Nb4 {[%emt 0:01:11] [#] Hoping for ...Rfc8.} 25. a3 $1 Rfc8 26. axb4 Bxc3 27. Nd3 Rc7 28. Ra6 e5 29. Ra2 {[%emt 0:02:44] White is more active.} e4 30. Nf4 Be5 31. Rxc7 Bxc7 $16 {[%emt 0:00:03][%mdl 4096] Endgame. KRB-KRN} 32. Nd5 Bd8 (32... Bd6 $16 33. Ra7 Kg7) 33. Ra7 $18 Kg7 {[%emt 0:00:34] [#]} 34. Nc3 $1 e3 35. f4 Bf6 36. Ne4 Rd8 37. Rb7 Rd5 38. Kf3 g5 39. fxg5 Bxg5 40. h4 Bf6 41. Kxe3 Bd4+ 42. Kf4 h6 43. g4 Be5+ 44. Kf3 Bb2 (44... Rd1 $142 45. Rxb5 Bh2) 45. Ng3 {[%emt 0:00:50] White is clearly winning.} Bc3 46. Nf5+ Kf6 47. Rb6+ Ke5 48. Ne3 {[%emt 0:00:22] Weighted Error Value: White=0.07 (flawless) /Black=0.24 (precise) .  Mistake:       	White=1     	Black=3      Inaccurate:     	---       	Black=2      OK:         	White=20    	Black=8      Best:        	White=2     	Black=1      Strong:       	White=2     	---} 1-0

[Event "7th Sharjah Challengers 2024"]
[Site "Sharjah"]
[Date "2024.05.19"]
[Round "6.10"]
[White "Aradhya, Garg"]
[Black "Peycheva, Gergana"]
[Result "1-0"]
[ECO "A09"]
[WhiteElo "2388"]
[BlackElo "2295"]
[Annotator "RC"]
[PlyCount "55"]
[EventDate "2024.05.13"]
[EventType "swiss"]
[EventCountry "UAE"]
[SourceTitle "playchess.com"]
[Source "ChessBase"]
[SourceQuality "1"]
[TimeControl "5400+30"]

1. Nf3 d5 2. g3 Nf6 3. Bg2 e6 4. O-O c5 5. c4 d4 6. d3 Nc6 7. e4 Be7 8. e5 Nd7 9. Re1 Qc7 10. Qe2 b6 11. Bf4 Bb7 12. Nbd2 Nf8 13. Bg5 Ng6 14. Bxe7 Qxe7 15. h4 h5 16. a3 O-O-O 17. b4 cxb4 18. axb4 Qxb4 19. Reb1 Qe7 20. c5 Qxc5 21. Rc1 Qe7 22. Ng5 Rd5 23. Bxd5 exd5 24. e6 f6 25. Nf7 Re8 26. Qxh5 Nf8 27. Nd6+ Kd8 28. Nxe8 1-0

[Event "7th Sharjah Challengers 2024"]
[Site "Sharjah"]
[Date "2024.05.19"]
[Round "6.11"]
[White "Al Qudaimi, Basheer"]
[Black "Sindarov, Islombek"]
[Result "1-0"]
[ECO "B08"]
[WhiteElo "2375"]
[BlackElo "1991"]
[Annotator "TA"]
[PlyCount "101"]
[EventDate "2024.05.13"]
[EventType "swiss"]
[EventCountry "UAE"]
[SourceTitle "playchess.com"]
[Source "ChessBase"]
[SourceQuality "1"]
[TimeControl "5400+30"]

1. d4 Nf6 2. Nf3 g6 3. Nc3 Bg7 4. e4 d6 5. h3 O-O 6. a4 Nc6 7. Bg5 d5 8. e5 {[%emt 0:13:50] The position is equal.} Ne4 9. Be3 Nb4 10. Bd3 Nxc3 11. bxc3 Nxd3+ 12. cxd3 b6 13. a5 Ba6 14. Qd2 Qc8 15. O-O c5 16. Rfb1 Qc6 17. Rb2 c4 18. dxc4 Bxc4 19. axb6 axb6 20. Rab1 b5 21. Bh6 Ra3 22. Re1 Rfa8 23. Bxg7 Kxg7 24. Nh2 h5 25. Nf3 Qc8 26. Nh4 Ra1 27. Rbb1 Rxb1 28. Rxb1 Qh8 29. Qg5 e6 {[%emt 0:00:07] Against Nf5+} 30. Re1 Qd8 31. Qg3 Ra3 {[%emt 0:01:40] And now ...b4 would win.} 32. Re3 b4 33. cxb4 $16 Rxe3 34. fxe3 {[%emt 0:00:02][%mdl 4096] Endgame. KQB-KQN} Qe7 35. Qe1 $1 Qg5 (35... Bd3 $142) 36. Nf3 Qe7 {[%emt 0:01:11] [#]} (36... Qf5 $16 37. Kh2 g5) 37. Qb1 (37. h4 $1 $18) 37... Qa7 38. Ng5 Qe7 (38... Qa3 $16 {was called for.} 39. Qe1 Bb5) 39. h4 $18 Qa7 40. Qd1 Bb5 41. Kh2 Qe7 42. Qd2 Bc4 43. Qf2 Bd3 44. Qa2 Qc7 (44... Qxb4 45. Qa7 Qf8 46. Nxe6+ Kg8 47. Nxf8 Kxf8 48. Qa3+ Ke8 49. Qxd3) 45. Qb2 {[%emt 0:04:11] Threatens to win with b5.} Qc4 (45... Qb7 $16 46. Qa2 Bb5 (46... Qxb4 47. Qa7 Qf8 48. Nxe6+ Kg8 49. Nxf8 Kxf8 50. Qa3+ Ke8 51. Qxd3)) 46. Kg3 $2 (46. b5 $18 {and the rest is easy.}) 46... Be4 $2 {[%emt 0:01:15][%mdl 8192] [#] This move loses the game for Black.} (46... Qc6 $16 47. Qa3 Ba6) 47. b5 $1 Qd3 48. Kf2 {[%emt 0:00:26] Strongly threatening b6.} f5 49. exf6+ {[%emt 0:00:14] White mates.} Kxf6 50. b6 Qd1 51. Nxe4+ {[%emt 0:01:07] Weighted Error Value: White=0.23 (precise) /Black=0.29 (precise) .  Loses game:     	---       	Black=2      Missed win:     	White=1     	---        Mistake:       	White=1     	Black=4      Inaccurate:     	---       	Black=2      OK:         	White=15    	Black=15     Best:        	White=3     	---        Strong:       	White=1     	---} 1-0

[Event "7th Sharjah Challengers 2024"]
[Site "Sharjah"]
[Date "2024.05.19"]
[Round "6.12"]
[White "Kazarian, Anna-Maja"]
[Black "Vihaan Dumir"]
[Result "1-0"]
[ECO "C16"]
[WhiteElo "2182"]
[BlackElo "1994"]
[Annotator "RC"]
[PlyCount "83"]
[EventDate "2024.05.13"]
[EventType "swiss"]
[EventCountry "UAE"]
[SourceTitle "playchess.com"]
[Source "ChessBase"]
[SourceQuality "1"]
[TimeControl "5400+30"]

1. e4 e6 2. d4 d5 3. Nc3 Bb4 4. e5 b6 5. h4 Qd7 6. h5 h6 7. Bd3 Ba6 8. Qg4 Bf8 9. Bxa6 Nxa6 10. Qe2 Nb8 11. f4 c5 12. Nf3 Nc6 13. Be3 Nge7 14. g4 cxd4 15. Nb5 Nf5 16. gxf5 dxe3 17. fxe6 fxe6 18. O-O-O Bc5 19. Rhg1 O-O 20. Rg4 Rf7 21. c3 Raf8 22. b4 Be7 23. Rdg1 Rc8 24. Kb1 a6 25. Nbd4 Nxd4 26. Nxd4 Rxc3 27. f5 Qa4 28. fxe6 Qxb4+ 29. Qb2 Rf8 30. Qxb4 Bxb4 31. Rxg7+ Kh8 32. e7 Bxe7 33. Rxe7 Rd3 34. Ne6 Rc8 35. Nf4 Rd2 36. Rgg7 Rc6 37. Ng6+ Rxg6 38. hxg6 Rf2 39. Rh7+ Kg8 40. Re8+ Rf8 41. Rxf8+ Kxf8 42. Kc2 1-0